 Dungeon Crawl Stone Soup version 0.23.2-30-g0e89c35649 (webtiles) character file.

Game seed: 4342731986554464881

277 Nordon the Chopper (level 6, 41/47 HPs)
             Began as a Demonspawn Fighter on June 12, 2019.
             Quit the game on level 4 of the Dungeon.
             The game lasted 00:02:42 (2342 turns).

Nordon the Chopper (Demonspawn Fighter)             Turns: 2342, Time: 00:02:43

Health: 41/47      AC:  8    Str: 16    XL:     6   Next: 4%
Magic:  6/6        EV:  6    Int: 12    God:
Gold:   131        SH:  8    Dex: 12    Spells: 5/5 levels left

rFire    . . .     SeeInvis .   a - +0 war axe
rCold    . . .     Gourm    .   c - +0 shield
rNeg     . . .     Faith    .   b - +0 scale mail
rPois    .         Spirit   .   (no helmet)
rElec    .         Reflect  .   d - +0 cloak
rCorr    .         Harm     .   m - +0 pair of gloves
MR       .....                  (no boots)
Stlth    ..........             (no amulet)
HPRegen  0.15/turn              (no ring)
MPRegen  0.10/turn              (no ring)

@: no status effects
A: talons 2, spiny 2
a: no special abilities


You were on level 4 of the Dungeon.
You were hungry.

You visited 1 branch of the dungeon, and saw 4 of its levels.

You collected 131 gold pieces.


Innate Abilities, Weirdness & Mutations

You have razor-sharp toenails.
You are mostly covered in sharp spines.


   Skills:
 - Level 3.0 Fighting
 * Level 5.8 Axes
 - Level 2.6 Armour
 - Level 2.6 Shields


You had 5 spell levels left.
You didn't know any spells.
Your spell library was empty.

Inventory:

Hand Weapons
 a - a +0 war axe (weapon)
Armour
 b - a +0 scale mail (worn)
 c - a +0 shield (worn)
 d - a +0 cloak (worn)
 m - a +0 pair of gloves (worn)
Wands
 n - a wand of disintegration (11)
Scrolls
 e - 4 scrolls of remove curse {unknown}
 g - a scroll of enchant armour {unknown}
 h - 3 scrolls of identify {unknown}
 k - 2 scrolls of amnesia {unknown}
 l - 2 scrolls of teleportation {unknown}
Potions
 i - a potion of cancellation {unknown}
 j - a potion of curing {unknown}
 o - a potion of agility {unknown}
 p - a potion of mutation {unknown}
Comestibles
 f - 4 rations

Dungeon Overview and Level Annotations

Branches:
Dungeon (3/15)

Altars:

....!.. ......
..............
..............
.............▒▒▒.
............▒.......
.....................
.....................
........>....6†......
.........▒...........
........▒...........
........▒..!........
▒...............
▒...............
▒..........▒▒▒▒▒
▒..........▒
▒......(...▒


There were no monsters in sight!


Message History

You closely miss the giant cockroach. You claw the giant cockroach.
The giant cockroach is almost dead.
The giant cockroach bites you but does no damage.
You block the giant cockroach's attack.
You slash the giant cockroach!
You kill the giant cockroach!
Found a viscous coppery potion.
You hit the iguana.
The iguana is lightly wounded.
You block the iguana's attack. The iguana is struck by your spines.
The iguana bites you.
You barely miss the iguana. You claw the iguana, but do no damage.
The iguana is moderately wounded.
The iguana barely misses you.
You slash the iguana! Your kick misses the iguana.
The iguana is almost dead.
You block the iguana's attack.
You slash the iguana!
You kill the iguana!
You have reached level 6!
Your experience leads to an increase in your attributes!
Increase (S)trength, (I)ntelligence, or (D)exterity?
You feel clever.
Your demonic ancestry asserts itself...
Sharp spines emerge from more of your body.
Are you sure you want to abandon this character and quit the game? (Confirm with "yes".)

Action                   |  1- 3 |  4- 6 || total
-------------------------+-------+-------++-------
Melee: War axe           |    92 |    56 ||   148
       Kick              |    17 |    17 ||    34
  Use: Potion            |       |     1 ||     1
  Eat: Chunk             |     1 |     3 ||     4
Armor: Scale mail        |    48 |    28 ||    76
Dodge: Dodged            |    26 |    17 ||    43
Block: Shield            |    36 |    26 ||    62

Levels and vault maps discovered:
D:1:      dpeg_arrival_boxorama, layout_basic
D:2:      layout_basic, grunt_ministairs_6, uniq_crazy_yiuf_cottage
D:3:      layout_rooms, first_ration
D:4:      layout_basic, serial_shops, shop

Notes
Turn   | Place    | Note
-------+----------+-------------------------------------------
     0 | D:1      | Nordon the Demonspawn Fighter began the quest for the Orb.
     0 | D:1      | Reached XP level 1. HP: 18/18 MP: 1/1
    15 | D:1      | Reached skill level 2 in Axes
    97 | D:1      | Gained mutation: You have sharp toenails. [demonic
                  | ancestry]
    97 | D:1      | Reached XP level 2. HP: 23/24 MP: 2/2
   582 | D:2      | Reached skill level 3 in Axes
   759 | D:2      | Reached XP level 3. HP: 19/29 MP: 3/3
  1340 | D:2      | Reached skill level 4 in Axes
  1340 | D:2      | Gained mutation: You have razor-sharp toenails. [demonic
                  | ancestry]
  1340 | D:2      | Reached XP level 4. HP: 24/35 MP: 4/4
  1381 | D:2      | Found a runed translucent door.
  1382 | D:2      | Noticed Crazy Yiuf
  1574 | D:2      | Killed Crazy Yiuf
  1784 | D:3      | Gained mutation: You are partially covered in sharp spines.
                  | [demonic ancestry]
  1784 | D:3      | Reached XP level 5. HP: 10/41 MP: 5/5
  1786 | D:3      | Reached skill level 5 in Axes
  2327 | D:3      | You fall through a shaft!
  2341 | D:4      | Gained mutation: You are mostly covered in sharp spines.
                  | [demonic ancestry]
  2341 | D:4      | Reached XP level 6. HP: 41/47 MP: 6/6
  2342 | D:4      | Quit the game

Vanquished Creatures
  A wyvern skeleton (D:3)
  An orc priest (D:3)
  Crazy Yiuf (D:2)
  An orc wizard (D:3)
  An iguana (D:4)
  4 adders (D:2)
  A worm (D:2)
  A dart slug (D:3)
  2 leopard geckos (D:1)
  12 orcs (D:3)
  4 bats
  2 giant cockroaches
  11 goblins
  6 hobgoblins
  5 kobolds
  4 frilled lizards
  6 rats
63 creatures vanquished.
